 Seeded DCSS version 0.31-a0-208-gdb31a4691d (webtiles) character file.

Game seed: 11291037222156600617 (custom seed)

849 innerfire43 the Trooper (level 7, -1/56 HPs)
             Began as a Demonspawn Monk on June 28, 2023.
             Was an Initiate of Gozag.
             Slain by an ice beast (8 damage)
             ... on level 4 of the Dungeon.
             The game lasted 00:05:36 (4182 turns).

innerfire43 the Trooper (Demonspawn Monk)           Turns: 4182, Time: 00:05:37

Health: -1/56      AC: 14    Str: 13    XL:     7   Next: 69%
Magic:  7/7        EV:  8    Int: 12    God:    Gozag
Gold:   594        SH:  0    Dex: 15    Spells: 6/6 levels left

rFire   . . .        a - +0 spear
rCold   . . .        f - +0 tower shield
rNeg    . . .        r - +0 chain mail
rPois   +            z - +0 helmet
rElec   .            g - +0 cloak
rCorr   .            (no gloves)
SInv    .            (no boots)
Will    .....        (no amulet) Stlth
                     k - +5 ring of evasion
HPRegen 0.29/turn    m - ring of poison resistance
MPRegen 0.10/turn

%: no passive effects
@: confused, ambrosia-drunk, gold aura
A: hooves 1, slimy green scales 2, spiny 1
a: Renounce Religion, Potion Petition, Call Merchant, Bribe Branch


You were on level 4 of the Dungeon.
You worshipped Gozag.
Gozag was pleased with you.
You visited 1 branch of the dungeon, and saw 5 of its levels.
You also visited: Ossuary.

You collected 594 gold pieces.

Inventory:

Hand Weapons
 a - a +0 spear (weapon)
 v - a +1 dagger of draining
Armour
 b - a +0 robe
 d - an orb of light
 f - a +0 tower shield (worn)
 g - a +0 cloak (worn)
 j - a +0 ring mail
 r - a +0 chain mail (worn)
 z - a +0 helmet (worn)
Jewellery
 e - a ring of protection from cold
 k - a +5 ring of evasion (left hand)
 m - a ring of poison resistance (right hand)
Wands
 t - a wand of flame (12)
Scrolls
 h - 3 scrolls of vulnerability {unknown}
 o - 2 scrolls of teleportation
 p - a scroll of noise {unknown}
 q - a scroll of enchant armour {unknown}
 s - 5 scrolls of identify {unknown}
 u - 2 scrolls of torment {unknown}
 w - 2 scrolls of fear {unknown}
 y - a scroll of blinking {unknown}
 A - a scroll of enchant weapon {unknown}
 B - 2 scrolls of amnesia {unknown}
 F - a scroll of poison {unknown}
 H - a scroll of butterflies {unknown}
Potions
 i - a potion of cancellation {unknown}
 l - 2 potions of enlightenment {unknown}
 n - 3 potions of curing {unknown}
 x - a potion of invisibility {unknown}
 C - 3 potions of attraction {unknown}
 D - 2 potions of haste {unknown}
 E - a potion of heal wounds {unknown}
 G - a potion of might {unknown}


   Skills:
 + Level 5.1 Fighting
 + Level 4.6 Polearms
 * Level 4.2 Armour
 + Level 4.6 Dodging


You had 6 spell levels left.
You didn't know any spells.
Your spell library contained the following spells:

 Spells                   Type           Power      Damage    Failure   Level
 Vhi's Electric Charge    Tloc/Air       0%         N/A       100%        3
 Arcjolt                  Conj/Air       0%         1d10      100%        5
 Plasma Beam              Fire/Air       0%         2x1d10    100%        6
 Maxwell's Capacitive Co  Air            0%         ∞         100%        8


Dungeon Overview and Level Annotations

Branches:
Dungeon (5/15)             Temple (0/1) D:4         Ossuary (visited)

Altars:
Gozag
Xom
Yredelemnul


Innate Abilities, Weirdness & Mutations

You have large cloven feet.
You are mostly covered in slimy green scales. (AC +3)
You are partially covered in sharp spines.


Message History

The ice beast is struck by your spines.
The ice beast hits you but does no damage.
The black bear goes berserk!
The ogre is struck by your spines.
The ogre hits you with a +0 giant club!!
* * * LOW HITPOINT WARNING * * *
The ice beast closely misses you.
The black bear is struck by your spines.
The black bear barely misses you. x2; You block the black bear's attack.
You barely miss the ogre.
The ogre is almost dead.
The black bear bites you but does no damage.
You block the black bear's attack. The black bear closely misses you.
The ogre is struck by your spines.
You kill the ogre!
The orc is distracted by your dazzling golden aura.
The ice beast is struck by your spines. The ice beast barely misses you.
The black bear is struck by your spines.
The black bear misses you.
The black bear claws you but does no damage. x2
Your Fighting skill increases to level 5!
Your Armour skill increases to level 4!
The orc shouts!
You hit the ogre but do no damage. You kick the ogre.
The ogre is lightly wounded.
The black bear is struck by your spines.
You kill the black bear!
The water moccasin is distracted by your dazzling golden aura.
You block the ice beast's attack. The ogre hits you with a +0 giant club.
* * * LOW HITPOINT WARNING * * *
The ice beast hits you but does no damage.
You are confused.
You feel invigorated.
The orc is no longer distracted by gold.
The hound is struck by your spines. The hound bites you but does no damage.
The ogre barely misses you. The hound is struck by your spines.
The hound barely misses you. The ice beast hits you.
* * * LOW HITPOINT WARNING * * *
The ice beast freezes you!
You die...
Your body crumbles into a pile of gold.

## #.##.#.##....### #.#
#.#.## .####.#....##.#### #.#
#..... ........#..##'##
####.# #.....
.####.#...###..# #.##.#
###.## ## #.##.## #..# #.##.#
#.# #.#...###..# #.##.# #.#
#..<...##..# #.##.# #.#
#..........####.##.#######.##
##.....##.Sh@O...........#...
##...######Y##.########.....
##.## #o##.........##### #.#
#.#####.####.#####
#.#######.# #'######...#
#.........# ##....≈###.#
########### #....≈# #..
#....≈###.# #≈≈≈≈≈##..#


You could see a water moccasin (unaware), an ice beast, an ogre, a hound and an
orc.

Vanquished Creatures
  A black bear (D:4)
  An ogre (D:4)
  A phantom (D:3)
  An elf zombie (Ossuary)
  A human zombie (Ossuary)
  4 crimson imps (D:4)
  An orc priest (D:4)
  An iguana (D:4)
  3 orc wizards (D:3)
  3 hound zombies
  4 mummies (Ossuary)
  A gnoll (D:1)
  An adder (D:2)
  A river rat (D:4)
  An ufetubus (D:4)
  A worm (D:2)
  The ghost of iguanaiguana the Sneak, a weakling MeDe (D:4)
  3 dart slugs
  6 orcs
  8 endoplasms
  5 giant cockroaches
  5 goblins
  9 hobgoblins
  5 jackals
  11 kobolds
  2 quokkas
  6 ball pythons
  2 bats
  A frilled lizard (D:1)
  A gnoll zombie (Ossuary)
  2 goblin zombies (Ossuary)
  2 jackal zombies (Ossuary)
  2 kobold zombies (Ossuary)
  An orc zombie (Ossuary)
  8 rats
  A rat zombie (Ossuary)
107 creatures vanquished.

Notes
Turn   | Place    | Note
-------+----------+-------------------------------------------
     0 | D:1      | innerfire43 the Demonspawn Monk began the quest for the
                  | Orb.
     0 | D:1      | Reached XP level 1. HP: 18/18 MP: 1/1
   172 | D:1      | Gained mutation: You are partially covered in sharp spines.
                  | [demonic ancestry]
   172 | D:1      | Reached XP level 2. HP: 21/24 MP: 2/2
   397 | D:1      | HP: 1/24 [gnoll/+0 whip (5)]
   405 | D:1      | Gained mutation: You are partially covered in slimy green
                  | scales. (AC +2) [demonic ancestry]
   405 | D:1      | Reached XP level 3. HP: 5/29 MP: 3/3
  1827 | D:3      | Reached XP level 4. HP: 29/37 MP: 4/4
  2017 | D:3      | Reached skill level 1 in Armour
  2019 | D:3      | Reached skill level 4 in Fighting
  2019 | D:3      | Gained mutation: You have large cloven feet. [demonic
                  | ancestry]
  2019 | D:3      | Reached XP level 5. HP: 33/42 MP: 5/5
  2125 | D:3      | Found a faded altar of an unknown god.
  2193 | D:3      | Prayed at the altar of an unknown god.
  2193 | D:3      | Became a worshipper of Gozag Ym Sagoz the Greedy
  2331 | D:3      | Noticed a phantom
  2343 | D:3      | Killed a phantom
  2736 | D:4      | Found a staircase to the Ecumenical Temple.
  2814 | D:4      | Reached XP level 6. HP: 49/49 MP: 6/6
  2829 | D:4      | Found a shimmering altar of Xom.
  2909 | D:4      | Found a sand-covered staircase.
  2945 | Ossuary  | Entered an ossuary
  3460 | D:4      | Gained mutation: You are mostly covered in slimy green
                  | scales. (AC +3) [demonic ancestry]
  3460 | D:4      | Reached XP level 7. HP: 43/55 MP: 7/7
  3836 | D:4      | Found a runed translucent gate.
  3836 | D:4      | Found a runed translucent gate.
  3836 | D:4      | Found a runed translucent gate.
  3836 | D:4      | Noticed iguanaiguana's ghost (weakling MeDe)
  3838 | D:4      | Found a basalt altar of Yredelemnul.
  3895 | D:4      | Killed iguanaiguana's ghost
  4171 | D:5      | Entered Level 5 of the Dungeon
  4181 | D:4      | Reached skill level 5 in Fighting
  4182 | D:4      | Slain by an ice beast

Illustrated notes

Levels and vault maps discovered:
D:1:      saegor_arrival_under_anarchy, layout_basic, nicolae_grassy_gnolls
D:2:      layout_loops_cross
D:3:      layout_loops_ring, dreamdust_ecumenical_altar_hidden_monk_grotto,
          hangedman_decor_diamond_cutter, kennysheep_generic_room_15
D:4:      layout_loops_ring, nicolae_yredelemnul_ghost_church, led_xom_imps,
          minmay_temple_entry_grid, portal_sewer_entry_c, enter_ossuary_1,
          grunt_ministairs_15, chequers_big_river, chequers_serial_rivers_room_a
D:5:      layout_basic, mainiacjoe_overflow_surrounded_room, minitemple,
          chequers_serial_rivers_large_a, nicolae_fountain_basement

Skill      XL: |  1  2  3  4  5  6  7 |
---------------+----------------------+-----
Dodging        | 3 4 |  4.6
Polearms       | 3 4 |  4.6
Armour         | 1 2 3 4 |  4.2
Fighting       | 4 5 |  5.1

Action                     |  1- 3 |  4- 6 |  7- 9 || total
---------------------------+-------+-------+-------++-------
  Melee: Spear             |   135 |   223 |    93 ||   451
         Kick              |       |    70 |    31 ||   101
    Use: Potion            |     1 |     1 |     1 ||     3
         Scroll            |     2 |       |       ||     2
   Stab: Sleeping          |     1 |       |       ||     1
 Armour: Robe              |     8 |       |       ||     8
         Skin              |     5 |       |       ||     5
         Ring mail         |     8 |       |       ||     8
         Chain mail        |     1 |   100 |    46 ||   147
  Dodge: Dodged            |    47 |    51 |    37 ||   135
  Block: Tower shield      |    58 |   112 |    44 ||   214

Table legend: (Time is in decaauts)
 A = Elapsed time spent in this place.
 B = Non-inter-level travel time spent in this place.
 C = Inter-level travel time spent in this place.
 D = Time resting spent in this place.
 E = Time spent auto-exploring this place.
 F = Levels seen in this place.
 G = Mean time per level.
                   A        B        C        D        E       F      G
               +--------+--------+--------+--------+--------+-----+--------+
         Total |   4353 |   4183 |    170 |      0 |   3099 |   6 |  725.5 |
       Dungeon |   3979 |   3809 |    170 |      0 |   2881 |   5 |  795.8 |
       Ossuary |    373 |    373 |      0 |      0 |    218 |   1 |  373.0 |
               +--------+--------+--------+--------+--------+-----+--------+

Top non-repeatable levels by time:
     D:4: 1169 daAuts
     D:1: 1156 daAuts
     D:3: 935 daAuts
     D:2: 712 daAuts
 Ossuary: 373 daAuts
     D:5: 4 daAuts
